 Dungeon Crawl Stone Soup version 0.29-a0-82-g837932c90e (webtiles) character file.

Game seed: 11616359474764531148

219 horus123 the Ducker (level 6, -2/48 HPs)
             Began as a Human Fighter on Feb 5, 2022.
             Slain by an ogre (5 damage)
             ... on level 4 of the Dungeon.
             The game lasted 00:06:12 (3201 turns).

horus123 the Ducker (Human Fighter)                 Turns: 3201, Time: 00:06:13

Health: -2/48      AC: 10    Str: 16    XL:     6   Next: 18%
Magic:  6/6        EV:  7    Int:  9    God:
Gold:   125        SH:  5    Dex: 14    Spells: 5/5 levels left

rFire   . . .      SeeInvis .   a - +0 flail
rCold   . . .      Faith    .   c - +0 buckler
rNeg    . . .      Spirit   .   u - +1 chain mail {Will+}
rPois   .          Reflect  .   (no helmet)
rElec   .          Harm     .   (no cloak)
rCorr   .          Rampage  .   (no gloves)
Will    +....                   (no boots)
Stlth   ..........              g - amulet of the acrobat
HPRegen 0.16/turn               (no ring)
MPRegen 0.10/turn               (no ring)

@: no status effects
A: no striking features
a: no special abilities


You were on level 4 of the Dungeon.
You visited 1 branch of the dungeon, and saw 4 of its levels.

You collected 125 gold pieces.

Inventory:

Hand Weapons
 a - a +0 flail (weapon)
 m - a +0 hunting sling
Missiles
 h - 27 arrows
 i - 37 bolts
 j - 124 stones (quivered)
 l - 3 boomerangs
Armour
 b - a +0 scale mail
 c - a +0 buckler (worn)
 u - a +1 chain mail of willpower (worn)
Jewellery
 g - an amulet of the acrobat (around neck)
 x - a ring of magical power
Wands
 s - a wand of acid (8)
 t - a wand of polymorph (12)
Scrolls
 e - a scroll of holy word {unknown}
 k - 2 scrolls of enchant armour {unknown}
 o - a scroll of fear {unknown}
 p - 2 scrolls of teleportation {unknown}
 r - a scroll of brand weapon {unknown}
 v - 2 scrolls of vulnerability {unknown}
 y - a scroll of identify {unknown}
Potions
 d - a potion of curing {unknown}
 f - a potion of ambrosia {unknown}
 n - 2 potions of haste {unknown}
 q - 2 potions of flight {unknown}
 w - a potion of brilliance {unknown}


   Skills:
 + Level 3.9 Fighting
 - Level 3.0 Maces & Flails
 - Level 3.0 Armour
 - Level 4.2 Dodging
 - Level 3.0 Shields


You had 5 spell levels left.
You didn't know any spells.
Your spell library was empty.

Dungeon Overview and Level Annotations

Branches:
Dungeon (4/15)
 Temple: D:4-7

Altars:


Message History

A phantom comes into view.
The ogre closely misses you.
There is a stone staircase leading down here.
You barely miss the ogre. The ogre completely misses you.
You hit the ogre.
The ogre is lightly wounded.
The ogre closely misses you.
You barely miss the ogre.
The ogre is lightly wounded.
The ogre hits you but does no damage.
You hit the ogre but do no damage.
The ogre is lightly wounded.
The ogre hits you with a +0 giant club!
You sock the ogre!
The ogre is heavily wounded.
The ogre hits you with a +0 giant club!!
Ouch! That really hurt!
You barely miss the ogre.
The ogre is heavily wounded.
The ogre hits you with a +0 giant club!
* * * LOW HITPOINT WARNING * * *
You hit the ogre.
The ogre is severely wounded.
You block the ogre's attack.
You barely miss the ogre.
The ogre is severely wounded.
The ogre barely misses you.
You hit the ogre.
The ogre is almost dead.
You block the ogre's attack.
You barely miss the ogre.
The ogre is almost dead.
The ogre closely misses you.
You closely miss the ogre.
The ogre is almost dead.
The ogre barely misses you.
You hit the ogre.
The ogre is almost dead.
The ogre hits you with a +0 giant club.
You die...

#.........#
#.........#
#.........###
.............+
###.##......###
#.##......#
#......†.W#
########O# #@#
#+# #.# #.#
#.#######.######
#..>...##.......
######.....##
##..<..# ##...##
##.## ###


You could see a phantom and an ogre.

Vanquished Creatures
  A howler monkey (D:3)
  An orc priest (D:3)
  Terence (D:3)
  5 adders
  A dart slug (D:3)
  2 orcs (D:3)
  3 bats
  2 endoplasms
  14 giant cockroaches
  5 goblins
  3 hobgoblins
  10 jackals
  A quokka (D:1)
  9 ball pythons
  3 frilled lizards
  3 kobolds
  6 rats
70 creatures vanquished.

Notes
Turn   | Place    | Note
-------+----------+-------------------------------------------
     0 | D:1      | horus123 the Human Fighter began the quest for the Orb.
     0 | D:1      | Reached XP level 1. HP: 18/18 MP: 1/1
    87 | D:1      | Found a faded altar of an unknown god.
   169 | D:1      | Reached XP level 2. HP: 16/24 MP: 2/2
   744 | D:1      | Reached XP level 3. HP: 29/29 MP: 3/3
   795 | D:2      | Reached skill level 1 in Dodging
  1445 | D:2      | Reached skill level 2 in Dodging
  1526 | D:2      | Reached XP level 4. HP: 35/35 MP: 4/4
  1996 | D:3      | Noticed Terence
  2003 | D:3      | Reached skill level 3 in Dodging
  2006 | D:3      | Killed Terence
  2007 | D:3      | Reached XP level 5. HP: 41/41 MP: 5/5
  2418 | D:3      | Reached skill level 4 in Dodging
  2718 | D:3      | Reached XP level 6. HP: 17/48 MP: 6/6
  3176 | D:4      | Noticed an ogre
  3195 | D:4      | HP: 2/48 [ogre (15)]
  3201 | D:4      | Slain by an ogre

Illustrated notes

Levels and vault maps discovered:
D:1:      psy_arrival_terrarium, layout_rooms, hellmonk_ecumenical_altar_run_dry
D:2:      layout_rooms
D:3:      minmay_roachtagon, layout_loops_ring, uniq_terence
D:4:      layout_loops_corners, minmay_temple_entry_waves, serial_shops,
          kennysheep_mini, shop, nicolae_shop_stone

Skill      XL: |  1  2  3  4  5 |
---------------+----------------+-----
Maces & Flails | 3 |  3.0
Dodging        | 2 3 4 |  4.2
Fighting       | |  3.9
Armour         | |  3.0
Shields        | |  3.0

Action                   |  1- 3 |  4- 6 || total
-------------------------+-------+-------++-------
Melee: Flail             |    98 |   129 ||   227
Evoke: Wand              |       |     3 ||     3
  Use: Potion            |     1 |       ||     1
Armor: Scale mail        |    73 |    13 ||    86
       Skin              |       |     4 ||     4
       Chain mail        |       |    38 ||    38
Dodge: Dodged            |    58 |    56 ||   114
Block: Buckler           |    35 |    30 ||    65

Table legend: (Time is in decaauts)
 A = Elapsed time spent in this place.
 B = Non-inter-level travel time spent in this place.
 C = Inter-level travel time spent in this place.
 D = Time resting spent in this place.
 E = Time spent auto-exploring this place.
 F = Levels seen in this place.
 G = Mean time per level.
                   A        B        C        D        E       F      G
               +--------+--------+--------+--------+--------+-----+--------+
         Total |   3269 |   3218 |     51 |    929 |   1565 |   4 |  817.2 |
       Dungeon |   3269 |   3218 |     51 |    929 |   1565 |   4 |  817.2 |
               +--------+--------+--------+--------+--------+-----+--------+

Top non-repeatable levels by time:
     D:3: 1199 daAuts
     D:1: 1095 daAuts
     D:2: 903 daAuts
     D:4: 71 daAuts
